[Event "12th Arad Open 2019"]
[Site "Arad"]
[Date "2019.07.28"]
[Round "6.8"]
[White "Marjanovic, Annamaria"]
[Black "Zawadzka, Jolanta"]
[Result "1/2-1/2"]
[ECO "A14"]
[WhiteElo "2343"]
[BlackElo "2422"]
[Annotator "NA"]
[PlyCount "61"]
[EventDate "2019.07.24"]
[EventType "swiss"]
[EventCountry "ROU"]
[SourceTitle "playchess.com"]
[Source "ChessBase"]
[SourceQuality "1"]
[TimeControl "40/5400+30:900+30"]

1. c4 e6 2. g3 d5 3. Bg2 Nf6 4. Nf3 Be7 5. O-O O-O 6. b3 d4 7. e3 c5 8. Ne5 Nfd7 9. exd4 cxd4 10. f4 Nxe5 11. fxe5 Nc6 12. Re1 d3 13. Kh1 Bc5 14. Ba3 Qe7 15. Bxc5 Qxc5 16. Nc3 Nxe5 17. b4 Qc7 18. Nb5 Qb8 19. c5 f6 20. Qb3 a6 21. Nd6 Qc7 22. Nc4 Nxc4 23. Qxc4 Bd7 24. Qxd3 Rae8 25. Qb3 Kh8 26. d4 Qc8 27. Re2 e5 28. dxe5 fxe5 29. Rae1 Bc6 30. Qe3 e4 31. Qd4 1/2-1/2

[Event "12th Arad Open 2019"]
[Site "Arad"]
[Date "2019.07.28"]
[Round "6.10"]
[White "Banzea, Alexandru-Bogdan"]
[Black "Albu, George"]
[Result "1-0"]
[ECO "B40"]
[WhiteElo "2405"]
[BlackElo "2014"]
[Annotator "NA"]
[PlyCount "79"]
[EventDate "2019.07.24"]
[EventType "swiss"]
[EventCountry "ROU"]
[SourceTitle "playchess.com"]
[Source "ChessBase"]
[SourceQuality "1"]
[TimeControl "40/5400+30:900+30"]

1. e4 c5 2. Nf3 e6 3. d4 cxd4 4. Nxd4 Nf6 5. Nc3 Nc6 6. g3 Qc7 7. Bg2 d6 8. O-O Bd7 9. Ncb5 Qb8 10. c4 Be7 11. Nc3 O-O 12. b3 a6 13. a4 a5 14. Ndb5 Rd8 15. Be3 Nb4 16. Qe2 Bc6 17. Rad1 b6 18. Bf4 h6 19. Rd2 e5 20. Be3 Nd7 21. h4 Nc5 22. Qd1 Qb7 23. f3 f5 24. exf5 d5 25. cxd5 Nxd5 26. Bf2 Kh8 27. Nxd5 Bxd5 28. Bxc5 Bxc5+ 29. Kh2 Be7 30. Rff2 Rac8 31. Rd3 Bc6 32. Nd6 Bxd6 33. Rxd6 Rd7 34. Rxd7 Qxd7 35. Rd2 Qe7 36. Rd6 b5 37. Qd2 bxa4 38. f6 gxf6 39. Bh3 Rf8 40. Qxh6+ 1-0

[Event "12th Arad Open 2019"]
[Site "Arad"]
[Date "2019.07.28"]
[Round "6.12"]
[White "Stoleriu, George"]
[Black "Nedelcu, Teodor-Cosmin"]
[Result "1-0"]
[ECO "B45"]
[WhiteElo "2360"]
[BlackElo "1963"]
[Annotator "NA"]
[PlyCount "95"]
[EventDate "2019.07.24"]
[EventType "swiss"]
[EventCountry "ROU"]
[SourceTitle "playchess.com"]
[Source "ChessBase"]
[SourceQuality "1"]
[TimeControl "40/5400+30:900+30"]

1. e4 c5 2. Nc3 e6 3. Nf3 Nc6 4. d4 cxd4 5. Nxd4 Nf6 6. Nxc6 bxc6 7. e5 Nd5 8. Ne4 Qa5+ 9. Bd2 Qb6 10. c4 Qxb2 11. cxd5 Qxe5 12. Bd3 cxd5 13. f4 Qd4 14. Nf2 Bc5 15. Rf1 O-O 16. Rc1 e5 17. Qh5 h6 18. Qxe5 Qxe5+ 19. fxe5 Bd4 20. Bc3 Bxe5 21. Bxe5 Re8 22. Kd2 Rxe5 23. Rfe1 Rxe1 24. Rxe1 Bb7 25. Ng4 Bc6 26. Ne3 d4 27. Nf5 Rb8 28. Ne7+ Kf8 29. Nxc6 dxc6 30. Kc2 Rb4 31. Re5 Rb6 32. Re4 c5 33. Re5 Rc6 34. Bb5 Rc8 35. Kd3 f6 36. Rd5 a6 37. Bxa6 Ra8 38. Bc4 Ra5 39. Rd7 f5 40. Rf7+ Ke8 41. Rxg7 f4 42. Rg6 h5 43. Ra6 Rxa6 44. Bxa6 Ke7 45. Ke4 Kd6 46. Bc4 Kc6 47. Kxf4 Kb6 48. Ke4 1-0

[Event "12th Arad Open 2019"]
[Site "Arad"]
[Date "2019.07.28"]
[Round "6.13"]
[White "Patrascu, Catalin-Lucian"]
[Black "Svetushkin, Dmitry"]
[Result "0-1"]
[ECO "A13"]
[WhiteElo "2292"]
[BlackElo "2528"]
[Annotator "ChessBase"]
[PlyCount "38"]
[EventDate "2019.07.24"]
[EventType "swiss"]
[EventCountry "ROU"]
[SourceTitle "playchess.com"]
[Source "ChessBase"]
[SourceQuality "1"]
[TimeControl "40/5400+30:900+30"]

1. c4 e6 2. Nc3 Bb4 3. g3 Nf6 4. Bg2 d5 5. d4 O-O 6. Nf3 dxc4 7. Bg5 Nc6 8. a3 Be7 9. e4 a6 10. e5 Nd5 11. h4 Bd7 12. Qc2 Nxc3 13. bxc3 h6 14. Bf4 Na5 15. Qe4 Bc6 16. Qe3 Qd5 17. Bxh6 gxh6 18. Qxh6 Qe4+ 19. Kf1 Qd3+ 0-1

[Event "12th Arad Open 2019"]
[Site "Arad"]
[Date "2019.07.28"]
[Round "6.14"]
[White "Song, Raymond"]
[Black "Ghimpu, Samuel-Timotei"]
[Result "1-0"]
[ECO "E06"]
[WhiteElo "2456"]
[BlackElo "2193"]
[Annotator "ChessBase"]
[PlyCount "81"]
[EventDate "2019.07.24"]
[EventType "swiss"]
[EventCountry "ROU"]
[SourceTitle "playchess.com"]
[Source "ChessBase"]
[SourceQuality "1"]
[TimeControl "40/5400+30:900+30"]

1. Nf3 Nf6 2. c4 e6 3. g3 d5 4. d4 Be7 5. Bg2 O-O 6. Nc3 dxc4 7. Ne5 Qd6 8. Nxc4 Qa6 9. Qb3 Nc6 10. e3 Rb8 11. a4 b5 12. Nxb5 Na5 13. Qc3 Nxc4 14. Qxc4 Bd7 15. Ra2 e5 16. d5 c6 17. Na3 Qa5+ 18. Bd2 Bb4 19. Bxb4 Rxb4 20. Qc3 Nxd5 21. Qd2 Be6 22. Nc2 Qc5 23. e4 Rc4 24. b3 Nb4 25. Nxb4 Rxb4 26. O-O Bxb3 27. Rb2 Rd4 28. Qe3 Bxa4 29. Rb7 Bb5 30. Ra1 a6 31. h4 h6 32. Bh3 Qc2 33. Bf5 Rd3 34. Qa7 Qc3 35. Rxf7 Qxa1+ 36. Kh2 Rxf7 37. Qb8+ Rf8 38. Be6+ Kh7 39. Qxf8 Rf3 40. Bg8+ Kg6 41. Qe8+ 1-0

[Event "12th Arad Open 2019"]
[Site "Arad"]
[Date "2019.07.28"]
[Round "6.15"]
[White "Kelly, Ladislau-Endre"]
[Black "Macovei, Andrei"]
[Result "0-1"]
[ECO "A37"]
[WhiteElo "2182"]
[BlackElo "2424"]
[Annotator "NA"]
[PlyCount "60"]
[EventDate "2019.07.24"]
[EventType "swiss"]
[EventCountry "ROU"]
[SourceTitle "playchess.com"]
[Source "ChessBase"]
[SourceQuality "1"]
[TimeControl "40/5400+30:900+30"]

1. d3 c5 2. e4 Nc6 3. Nf3 g6 4. g3 Bg7 5. Bg2 e5 6. O-O Nge7 7. c4 O-O 8. Nc3 d6 9. Ne1 f5 10. Bg5 f4 11. Nd5 h6 12. Bxe7 Nxe7 13. Nxe7+ Qxe7 14. g4 Be6 15. f3 Bf6 16. Rf2 Bh4 17. Rd2 Kg7 18. Bf1 Rh8 19. Rg2 h5 20. Nc2 Raf8 21. Be2 Qf6 22. Qd2 hxg4 23. fxg4 f3 24. Rf1 f2+ 25. Kh1 Bg5 26. Qa5 Rf7 27. Qxa7 Qf4 28. Qa5 Bh4 29. Qc3 Bg3 30. d4 Bxh2 0-1

[Event "12th Arad Open 2019"]
[Site "Arad"]
[Date "2019.07.28"]
[Round "6.16"]
[White "Weinzettl, Ernst"]
[Black "Martinovici, Ilie"]
[Result "1/2-1/2"]
[ECO "C05"]
[WhiteElo "2165"]
[BlackElo "2407"]
[Annotator "NA"]
[PlyCount "48"]
[EventDate "2019.07.24"]
[EventType "swiss"]
[EventCountry "ROU"]
[SourceTitle "playchess.com"]
[Source "ChessBase"]
[SourceQuality "1"]
[TimeControl "40/5400+30:900+30"]

1. e4 e6 2. d4 d5 3. Nd2 Nf6 4. e5 Nfd7 5. c4 c5 6. cxd5 exd5 7. Ngf3 Nc6 8. Bb5 Qb6 9. Qe2 Be7 10. O-O cxd4 11. Nb3 O-O 12. Re1 Nc5 13. Nfxd4 Nxb3 14. Nxb3 Bb4 15. Bxc6 Bxe1 16. Bxd5 Bb4 17. Be3 Qg6 18. Qc4 a5 19. Nd4 Bd7 20. Bxb7 Rab8 21. Qc7 Bh3 22. Qc6 Be6 23. Nxe6 fxe6 24. h3 Qf5 1/2-1/2

[Event "12th Arad Open 2019"]
[Site "Arad"]
[Date "2019.07.28"]
[Round "6.17"]
[White "Mozes, Ervin"]
[Black "Secheres, Adrian-Simion"]
[Result "0-1"]
[ECO "B20"]
[WhiteElo "2121"]
[BlackElo "2394"]
[Annotator "NA"]
[PlyCount "64"]
[EventDate "2019.07.24"]
[EventType "swiss"]
[EventCountry "ROU"]
[SourceTitle "playchess.com"]
[Source "ChessBase"]
[SourceQuality "1"]
[TimeControl "40/5400+30:900+30"]

1. e4 c5 2. g3 Nc6 3. Bg2 g6 4. Ne2 Bg7 5. O-O d6 6. d3 e5 7. Be3 Nge7 8. c3 b6 9. Re1 Ba6 10. c4 O-O 11. Nbc3 Bb7 12. Qd2 a6 13. b3 Qd7 14. a3 Rab8 15. b4 Nd4 16. Rab1 f5 17. Bg5 Nec6 18. b5 Nxe2+ 19. Nxe2 axb5 20. Rxb5 f4 21. gxf4 h6 22. Bh4 exf4 23. f3 Ba6 24. Rbb1 g5 25. Bf2 Ne5 26. Red1 Qf7 27. h3 Qh5 28. Kf1 Nxf3 29. Bxf3 Qxf3 30. Ng1 Qh5 31. Qe2 f3 32. Qa2 Bc8 0-1

[Event "12th Arad Open 2019"]
[Site "Arad"]
[Date "2019.07.28"]
[Round "6.18"]
[White "Har-Even, Abir"]
[Black "Balla, Tamas-Kristof"]
[Result "1-0"]
[ECO "B23"]
[WhiteElo "2083"]
[BlackElo "2336"]
[Annotator "NA"]
[PlyCount "77"]
[EventDate "2019.07.24"]
[EventType "swiss"]
[EventCountry "ROU"]
[SourceTitle "playchess.com"]
[Source "ChessBase"]
[SourceQuality "1"]
[TimeControl "40/5400+30:900+30"]

1. e4 c5 2. Nc3 e6 3. f4 d5 4. Nf3 d4 5. Bb5+ Nd7 6. Ne2 Ngf6 7. Bxd7+ Qxd7 8. d3 b6 9. O-O Bb7 10. a4 a6 11. b3 Be7 12. Bd2 O-O 13. Ng3 Qc7 14. Qe2 Rae8 15. f5 Bd6 16. fxe6 fxe6 17. Be1 Ng4 18. Nd2 Ne3 19. Rxf8+ Rxf8 20. Nc4 Bf4 21. Bf2 Nxc4 22. bxc4 Bc6 23. Nf1 Qd7 24. a5 b5 25. cxb5 axb5 26. Bg3 Bg5 27. Qh5 Be7 28. Nd2 Rc8 29. Nf3 Qe8 30. Qg4 Bd8 31. Be5 Qg6 32. Qxg6 hxg6 33. a6 Bb6 34. a7 Bb7 35. Bb8 Ba8 36. Ra6 Bc7 37. Bxc7 Rxc7 38. Ng5 c4 39. Rb6 1-0

[Event "12th Arad Open 2019"]
[Site "Arad"]
[Date "2019.07.28"]
[Round "6.19"]
[White "Voinescu, David-Ioan"]
[Black "Gorodetzky, Matan"]
[Result "1/2-1/2"]
[ECO "C11"]
[WhiteElo "2046"]
[BlackElo "2290"]
[Annotator "NA"]
[PlyCount "96"]
[EventDate "2019.07.24"]
[EventType "swiss"]
[EventCountry "ROU"]
[SourceTitle "playchess.com"]
[Source "ChessBase"]
[SourceQuality "1"]
[TimeControl "40/5400+30:900+30"]

1. e4 e6 2. d4 d5 3. Nc3 Nf6 4. e5 Nfd7 5. f4 c5 6. Nf3 Nc6 7. Be3 a6 8. Qd2 b5 9. a3 Qb6 10. Ne2 Qc7 11. dxc5 Nxc5 12. Ned4 Na5 13. Bd3 Nc4 14. Qc1 Bb7 15. O-O g6 16. b3 Nxe3 17. Qxe3 Rd8 18. Rfc1 Be7 19. g4 h5 20. h3 hxg4 21. hxg4 Qb6 22. Kg2 Kd7 23. Rh1 Kc7 24. Rxh8 Rxh8 25. b4 Na4 26. Ng5 Nb2 27. Nxf7 Nc4 28. Qf2 Bh4 29. Qg1 Rg8 30. Nd6 Kb8 31. Nxb7 Qxb7 32. Rf1 Bd8 33. Bxc4 dxc4+ 34. Rf3 Bb6 35. c3 Rd8 36. Kg3 Qe4 37. Qe3 Qxe3 38. Rxe3 Bxd4 39. cxd4 Rxd4 40. f5 gxf5 41. gxf5 Kc7 42. f6 Kd7 43. Kf3 Ke8 44. Kf2 Kf7 45. Kf3 Kf8 46. Re2 Rd3+ 47. Re3 Rb3 48. Ke4 Rxe3+ 1/2-1/2

[Event "12th Arad Open 2019"]
[Site "Arad"]
[Date "2019.07.28"]
[Round "6.20"]
[White "Gilea, Lucian"]
[Black "Pavlenko, Bogdan"]
[Result "1-0"]
[ECO "A05"]
[WhiteElo "2287"]
[BlackElo "2164"]
[Annotator "NA"]
[PlyCount "49"]
[EventDate "2019.07.24"]
[EventType "swiss"]
[EventCountry "ROU"]
[SourceTitle "playchess.com"]
[Source "ChessBase"]
[SourceQuality "1"]
[TimeControl "40/5400+30:900+30"]

1. Nf3 Nf6 2. g3 d5 3. d4 Bf5 4. c4 c6 5. Bg2 e6 6. O-O Be7 7. Nc3 O-O 8. Nh4 Bg4 9. cxd5 cxd5 10. h3 Bh5 11. Qb3 Qd7 12. Nf3 Nc6 13. Ne5 Nxe5 14. dxe5 Ne4 15. Nxe4 dxe4 16. Qe3 Bg6 17. Bxe4 Bxe4 18. Qxe4 Rfd8 19. Be3 Qd5 20. Qxd5 Rxd5 21. Rfc1 Rxe5 22. Rc7 Bf6 23. Rxb7 g6 24. Bd4 Rf5 25. e4 1-0

[Event "12th Arad Open 2019"]
[Site "Arad"]
[Date "2019.07.28"]
[Round "6.21"]
[White "Kutnik, Alexandru-Francisc"]
[Black "Dicu, Razvan-Stefan"]
[Result "0-1"]
[ECO "B40"]
[WhiteElo "2043"]
[BlackElo "2286"]
[Annotator "NA"]
[PlyCount "72"]
[EventDate "2019.07.24"]
[EventType "swiss"]
[EventCountry "ROU"]
[SourceTitle "playchess.com"]
[Source "ChessBase"]
[SourceQuality "1"]
[TimeControl "40/5400+30:900+30"]

1. e4 c5 2. Nf3 e6 3. c3 d5 4. exd5 exd5 5. d4 Nc6 6. Bb5 Bd6 7. O-O Nge7 8. dxc5 Bxc5 9. Bf4 O-O 10. Nbd2 Ng6 11. Bg3 f5 12. Nb3 Bb6 13. Bxc6 bxc6 14. Be5 Nxe5 15. Nxe5 Qf6 16. Nd3 f4 17. Qf3 Bf5 18. Nd2 g5 19. h3 h5 20. g4 fxg3 21. Qxg3 h4 22. Qf3 Bc7 23. Rae1 Qd6 24. Re5 Bxd3 25. Rxg5+ Kh8 26. Qh5+ Bh7 27. f4 Rxf4 28. Nf3 Raf8 29. Kg2 Rxf3 30. Rxf3 Qh2+ 31. Kf1 Qxh3+ 32. Ke2 Qxf3+ 33. Qxf3 Rxf3 34. Kxf3 h3 35. Rh5 h2 36. c4 Kg7 0-1

[Event "12th Arad Open 2019"]
[Site "Arad"]
[Date "2019.07.28"]
[Round "6.22"]
[White "Fluerariu, Radu-Cristian"]
[Black "Talu, Mircea"]
[Result "0-1"]
[ECO "A05"]
[WhiteElo "2021"]
[BlackElo "2278"]
[Annotator "NA"]
[PlyCount "88"]
[EventDate "2019.07.24"]
[EventType "swiss"]
[EventCountry "ROU"]
[SourceTitle "playchess.com"]
[Source "ChessBase"]
[SourceQuality "1"]
[TimeControl "40/5400+30:900+30"]

1. Nf3 Nf6 2. c4 e6 3. g3 b6 4. Bg2 Bb7 5. O-O c5 6. b3 Be7 7. Bb2 O-O 8. Nc3 d6 9. e3 Nbd7 10. Qe2 Rc8 11. Rfd1 Qc7 12. Rac1 Qb8 13. Nh4 Bxg2 14. Nxg2 Qb7 15. f4 d5 16. Qf3 Rfd8 17. g4 Ne4 18. d3 Nxc3 19. Bxc3 Bf6 20. g5 Bxc3 21. Rxc3 Nf8 22. Rcc1 Rc7 23. e4 dxe4 24. dxe4 Rcd7 25. Rxd7 Rxd7 26. Qe2 Rd4 27. Re1 Qd7 28. Qe3 Ng6 29. h4 Rd3 30. Qf2 Rd2 31. Re2 Rxe2 32. Qxe2 Qd4+ 33. Kh2 Ne7 34. Ne1 Nc6 35. Nf3 Qc3 36. Kg3 Nd4 37. Qf2 Qd3 38. e5 Ne2+ 39. Kh2 Nxf4 40. Qd2 Qxd2+ 41. Nxd2 Nd3 42. Ne4 Nxe5 43. Nd6 Nc6 44. Kg3 Kf8 0-1

[Event "12th Arad Open 2019"]
[Site "Arad"]
[Date "2019.07.28"]
[Round "6.23"]
[White "Obada, Ema"]
[Black "Vasiesiu, Victor"]
[Result "1/2-1/2"]
[ECO "A04"]
[WhiteElo "1946"]
[BlackElo "2269"]
[Annotator "NA"]
[PlyCount "95"]
[EventDate "2019.07.24"]
[EventType "swiss"]
[EventCountry "ROU"]
[SourceTitle "playchess.com"]
[Source "ChessBase"]
[SourceQuality "1"]
[TimeControl "40/5400+30:900+30"]

1. Nf3 g6 2. g3 Bg7 3. Bg2 e5 4. d3 d6 5. c4 f5 6. Nc3 Nf6 7. O-O O-O 8. Rb1 a5 9. a3 c6 10. b4 Na6 11. Qb3 Re8 12. e4 h6 13. Be3 axb4 14. axb4 Ng4 15. h3 Nxe3 16. fxe3 Be6 17. exf5 gxf5 18. Ne2 d5 19. cxd5 Bxd5 20. Qc2 Qb6 21. Qd2 Nc7 22. Rb2 f4 23. d4 fxe3 24. Qxe3 exd4 25. Qf2 Rf8 26. Nexd4 Ra3 27. Rd2 Rc3 28. Ne2 Qxf2+ 29. Rxf2 Rb3 30. Nf4 Rxb4 31. Kh2 Rc4 32. Rfe2 b5 33. Ne5 Bxe5 34. Rxe5 Bxg2 35. Kxg2 b4 36. Re7 Nd5 37. Nxd5 cxd5 38. Rd7 b3 39. R7xd5 Rb4 40. Rb2 Rc8 41. Rd3 Rc2+ 42. Rxc2 bxc2 43. Rc3 Rb2 44. Rc8+ Kf7 45. Kf3 Ke6 46. Ke4 Kf6 47. h4 h5 48. Rc6+ {[%emt 0:00:34] Ke5+} 1/2-1/2

[Event "12th Arad Open 2019"]
[Site "Arad"]
[Date "2019.07.28"]
[Round "6.24"]
[White "Lyell, Mark"]
[Black "Avramescu, Paul-Mihai"]
[Result "1-0"]
[ECO "B13"]
[WhiteElo "2216"]
[BlackElo "2061"]
[Annotator "NA"]
[PlyCount "77"]
[EventDate "2019.07.24"]
[EventType "swiss"]
[EventCountry "ROU"]
[SourceTitle "playchess.com"]
[Source "ChessBase"]
[SourceQuality "1"]
[TimeControl "40/5400+30:900+30"]

1. e4 c6 2. d4 d5 3. exd5 cxd5 4. Bd3 Nf6 5. c3 Nc6 6. Bf4 g6 7. Nf3 Bg7 8. Nbd2 O-O 9. h3 a6 10. a4 Re8 11. O-O Bf5 12. Bxf5 gxf5 13. Ne5 Nxe5 14. Bxe5 e6 15. Nb3 Ne4 16. f3 Nd6 17. Bxg7 Kxg7 18. Nc5 Rg8 19. Qe1 h6 20. b3 Kh7 21. Ra2 Rg7 22. Qe5 Qc7 23. Rc1 b6 24. Nd3 Rc8 25. a5 b5 26. Nb4 Ra8 27. Qf4 Qd7 28. Nd3 Rag8 29. Kh1 Qe7 30. Nc5 Ra8 31. Re1 Ra7 32. Rae2 Qc7 33. Nxe6 fxe6 34. Rxe6 Rg6 35. Rxg6 Kxg6 36. Re6+ Kf7 37. Rxd6 Qxc3 38. Qxf5+ Ke8 39. Qe6+ 1-0

[Event "12th Arad Open 2019"]
[Site "Arad"]
[Date "2019.07.28"]
[Round "6.25"]
[White "Daianu, Cristian-Clement"]
[Black "Veress, Armand"]
[Result "1-0"]
[ECO "B01"]
[WhiteElo "2199"]
[BlackElo "1827"]
[Annotator "NA"]
[PlyCount "83"]
[EventDate "2019.07.24"]
[EventType "swiss"]
[EventCountry "ROU"]
[SourceTitle "playchess.com"]
[Source "ChessBase"]
[SourceQuality "1"]
[TimeControl "40/5400+30:900+30"]

1. e4 d5 2. exd5 Qxd5 3. Nc3 Qd6 4. d4 c6 5. Ne4 Qd5 6. Ng3 Nf6 7. Nf3 Bg4 8. Be2 Nbd7 9. Be3 e6 10. Qd2 Nb6 11. b3 Bxf3 12. Bxf3 Qd7 13. c4 Be7 14. O-O O-O 15. Rad1 Rfd8 16. Qc2 Qc7 17. Rfe1 a5 18. Qc1 Rd7 19. Bf4 Qd8 20. Be5 a4 21. Ne2 axb3 22. axb3 Bb4 23. Rf1 Nc8 24. Nf4 Bd6 25. Qe3 Ne7 26. Bxf6 gxf6 27. Nh5 Ng6 28. d5 cxd5 29. cxd5 e5 30. Be4 Bf8 31. Qf3 Rd6 32. Qg4 Ra3 33. Rd3 Qa5 34. h4 Kh8 35. Qf5 Bg7 36. Rg3 Ra1 37. Rxa1 Qxa1+ 38. Kh2 Bh6 39. Nxf6 Bf4 40. Qc8+ Kg7 41. Ne8+ Kh6 42. Nxd6 1-0

[Event "12th Arad Open 2019"]
[Site "Arad"]
[Date "2019.07.28"]
[Round "6.26"]
[White "Popa-Matei, Viorel-Ovidiu"]
[Black "Kantorik, Marian"]
[Result "0-1"]
[ECO "B12"]
[WhiteElo "1895"]
[BlackElo "2196"]
[Annotator "NA"]
[PlyCount "54"]
[EventDate "2019.07.24"]
[EventType "swiss"]
[EventCountry "ROU"]
[SourceTitle "playchess.com"]
[Source "ChessBase"]
[SourceQuality "1"]
[TimeControl "40/5400+30:900+30"]

1. e4 c6 2. d4 d5 3. e5 c5 4. dxc5 e6 5. Nf3 Bxc5 6. Bd3 Nc6 7. O-O Nge7 8. c3 Ng6 9. b4 Be7 10. Bxg6 hxg6 11. b5 Na5 12. Be3 Nc4 13. Bd4 Bd7 14. a4 a6 15. bxa6 Rxa6 16. Nbd2 Nxd2 17. Nxd2 Qa8 18. c4 Bxa4 19. Qc1 Bc6 20. cxd5 Bxd5 21. Rxa6 bxa6 22. Bc5 Bxg2 23. Rd1 Rh4 24. f3 Bxf3 25. Nxf3 Qxf3 26. Bf2 Rg4+ 27. Kf1 Bc5 0-1

[Event "12th Arad Open 2019"]
[Site "Arad"]
[Date "2019.07.28"]
[Round "6.27"]
[White "Ahlander, Bjorn"]
[Black "Kersten, Julian"]
[Result "1-0"]
[ECO "E97"]
[WhiteElo "2391"]
[BlackElo "1951"]
[Annotator "NA"]
[PlyCount "73"]
[EventDate "2019.07.24"]
[EventType "swiss"]
[EventCountry "ROU"]
[SourceTitle "playchess.com"]
[Source "ChessBase"]
[SourceQuality "1"]
[TimeControl "40/5400+30:900+30"]

1. d4 Nf6 2. c4 g6 3. Nc3 Bg7 4. Nf3 O-O 5. e4 d6 6. Be2 e5 7. O-O Nc6 8. Be3 Ng4 9. Bg5 f6 10. Bc1 f5 11. Bg5 Qd7 12. d5 Ne7 13. Nd2 Nf6 14. f3 h6 15. Bh4 g5 16. Bf2 f4 17. c5 Qd8 18. cxd6 cxd6 19. Rc1 Ne8 20. a4 Ng6 21. Nb5 b6 22. a5 Rf7 23. axb6 axb6 24. Rc6 Rb8 25. Nc4 Bf8 26. Rxb6 Rfb7 27. Rxb7 Rxb7 28. Qa4 h5 29. Na7 Rxa7 30. Qxa7 g4 31. Qb8 g3 32. hxg3 fxg3 33. Bxg3 h4 34. Bh2 Bh6 35. f4 exf4 36. Bg4 Ne7 37. Bxf4 1-0

[Event "12th Arad Open 2019"]
[Site "Arad"]
[Date "2019.07.28"]
[Round "6.28"]
[White "Paraschiv, Paul-Alexandru"]
[Black "Czebe, Attila"]
[Result "1/2-1/2"]
[ECO "A45"]
[WhiteElo "2052"]
[BlackElo "2436"]
[Annotator "NA"]
[PlyCount "94"]
[EventDate "2019.07.24"]
[EventType "swiss"]
[EventCountry "ROU"]
[SourceTitle "playchess.com"]
[Source "ChessBase"]
[SourceQuality "1"]
[TimeControl "40/5400+30:900+30"]

1. d4 Nf6 2. Bg5 Ne4 3. Bf4 c6 4. f3 Nf6 5. e4 d5 6. e5 Nh5 7. Be3 g6 8. c3 f6 9. f4 Bh6 10. Qf3 O-O 11. g4 Nxf4 12. Bxf4 fxe5 13. Bxh6 Rxf3 14. Nxf3 exd4 15. cxd4 e5 16. dxe5 Bxg4 17. Nbd2 Nd7 18. O-O-O Nc5 19. Be3 Qa5 20. Kb1 Ne4 21. Nb3 Qb4 22. Rd4 Qe7 23. Bg2 Bf5 24. Ka1 a5 25. Nbd2 Nc5 26. Bg5 Qc7 27. Bf6 a4 28. Rc1 Nb3+ 29. Nxb3 axb3 30. a3 Qb6 31. Be7 c5 32. Bxc5 Rc8 33. Rdc4 Qa6 34. R4c3 b6 35. Bf1 Qa4 36. Bb4 Ra8 37. Bd6 b5 38. Nd2 Bc2 39. Bh3 b4 40. Rc8+ Rxc8 41. Bxc8 bxa3 42. Be6+ Kg7 43. Bxa3 Qf4 44. Rf1 Qxd2 45. Rf7+ Kh6 46. Bf8+ Kg5 47. Be7+ Kh6 1/2-1/2

[Event "12th Arad Open 2019"]
[Site "Arad"]
[Date "2019.07.28"]
[Round "6.29"]
[White "Bogdan, Dan"]
[Black "Balan, Bogdan"]
[Result "1-0"]
[ECO "A15"]
[WhiteElo "2370"]
[BlackElo "2036"]
[Annotator "NA"]
[PlyCount "127"]
[EventDate "2019.07.24"]
[EventType "swiss"]
[EventCountry "ROU"]
[SourceTitle "playchess.com"]
[Source "ChessBase"]
[SourceQuality "1"]
[TimeControl "40/5400+30:900+30"]

1. c4 Nf6 2. g3 g6 3. Bg2 Bg7 4. d4 O-O 5. e4 d6 6. Ne2 c6 7. O-O e5 8. Nbc3 a6 9. a4 a5 10. h3 Na6 11. Be3 Nd7 12. Kh2 Re8 13. Re1 Qc7 14. Rc1 Nb4 15. f4 f6 16. Rf1 Nb8 17. Qd2 N8a6 18. Rfd1 Be6 19. d5 Bf7 20. dxc6 bxc6 21. Qxd6 Qxd6 22. Rxd6 Bxc4 23. Rcd1 Nc2 24. Bg1 Nab4 25. h4 Kf7 26. Bf2 Bf8 27. Rd7+ Re7 28. R7d2 Ree8 29. Bf3 Be7 30. h5 Red8 31. Bb6 Rdb8 32. Bf2 Rd8 33. fxe5 fxe5 34. Bb6 Rd3 35. Bg4 Bd8 36. Bf2 Bg5 37. Rxd3 Nxd3 38. Bb6 Ra6 39. Bg1 Nxb2 40. Rd7+ Kg8 41. Rb7 Nd3 42. Rb8+ Kg7 43. hxg6 c5 44. Rb7+ Kxg6 45. Nd5 Bxd5 46. exd5 e4 47. Nc3 Ncb4 48. Nxe4 Nxd5 49. Rd7 N5b4 50. Bxc5 Nxc5 51. Nxc5 Rc6 52. Ne4 h5 53. Bf3 Rb6 54. Kh3 Bf6 55. Rc7 Na6 56. Rc8 Re6 57. Ra8 Rb6 58. Be2 Nc7 59. Rxa5 h4 60. gxh4 Rb3+ 61. Kg4 Re3 62. h5+ Kg7 63. Bf3 Ne6 64. Ra7+ 1-0

[Event "12th Arad Open 2019"]
[Site "Arad"]
[Date "2019.07.28"]
[Round "6.30"]
[White "Dobre, Claudiu-Cristian"]
[Black "Marjanovic, Gyorgy"]
[Result "1-0"]
[ECO "A28"]
[WhiteElo "2340"]
[BlackElo "2026"]
[Annotator "NA"]
[PlyCount "93"]
[EventDate "2019.07.24"]
[EventType "swiss"]
[EventCountry "ROU"]
[SourceTitle "playchess.com"]
[Source "ChessBase"]
[SourceQuality "1"]
[TimeControl "40/5400+30:900+30"]

1. c4 e5 2. Nc3 Nf6 3. Nf3 Nc6 4. e3 Be7 5. d4 d6 6. Bd3 Bg4 7. d5 Nb8 8. h3 Bh5 9. Rb1 O-O 10. b4 c6 11. e4 Nbd7 12. Be3 cxd5 13. cxd5 a6 14. g4 Bg6 15. Nd2 Rc8 16. Rc1 h6 17. Kf1 Ne8 18. Nc4 Bg5 19. Qd2 Bxe3 20. Qxe3 Qh4 21. Kg2 h5 22. f3 Qe7 23. a4 Nef6 24. a5 Rc7 25. Na4 Rfc8 26. Nab6 Nxb6 27. axb6 Rd7 28. Na5 Ra8 29. Rc2 Ne8 30. Rhc1 Kh7 31. Rc3 Qd8 32. Bc2 Rb8 33. Ba4 Re7 34. Bxe8 Qxe8 35. Nc6 bxc6 36. dxc6 Qc8 37. gxh5 Re6 38. b7 Qc7 39. hxg6+ Rxg6+ 40. Kh2 Rh6 41. Qg5 g6 42. Qg4 Kg7 43. Qd7 Qb6 44. R1c2 Rd8 45. Qxd8 Qxd8 46. c7 Qh4 47. c8=Q 1-0

[Event "12th Arad Open 2019"]
[Site "Arad"]
[Date "2019.07.28"]
[Round "6.31"]
[White "Peycheva, Gergana"]
[Black "Manea, Alexandru"]
[Result "1-0"]
[ECO "E42"]
[WhiteElo "2065"]
[BlackElo "2333"]
[Annotator "NA"]
[PlyCount "67"]
[EventDate "2019.07.24"]
[EventType "swiss"]
[EventCountry "ROU"]
[SourceTitle "playchess.com"]
[Source "ChessBase"]
[SourceQuality "1"]
[TimeControl "40/5400+30:900+30"]

1. d4 Nf6 2. c4 e6 3. Nc3 Bb4 4. e3 c5 5. Nge2 cxd4 6. exd4 d5 7. a3 Be7 8. c5 Nc6 9. b4 e5 10. dxe5 Nxe5 11. Nd4 O-O 12. Be2 Ne4 13. Bb2 Nc4 14. Bxc4 Nxc3 15. Bxc3 dxc4 16. O-O Bf6 17. Qd2 Qd5 18. Rad1 Rd8 19. Qc2 Qh5 20. Nb5 Bf5 21. Rxd8+ Rxd8 22. Qc1 Bxc3 23. Qxc3 Rd1 24. f3 Rxf1+ 25. Kxf1 Bd3+ 26. Kg1 a6 27. Nd6 Qd5 28. h3 h6 29. Ne8 Qg5 30. Qd4 Kh7 31. Nd6 Qc1+ 32. Kh2 Qxa3 33. Ne8 f6 34. Qd7 1-0

[Event "12th Arad Open 2019"]
[Site "Arad"]
[Date "2019.07.28"]
[Round "6.32"]
[White "Luca, Ionel"]
[Black "Tomici, Stefan"]
[Result "1/2-1/2"]
[ECO "A21"]
[WhiteElo "2039"]
[BlackElo "2329"]
[Annotator "NA"]
[PlyCount "40"]
[EventDate "2019.07.24"]
[EventType "swiss"]
[EventCountry "ROU"]
[SourceTitle "playchess.com"]
[Source "ChessBase"]
[SourceQuality "1"]
[TimeControl "40/5400+30:900+30"]

1. c4 e5 2. Nc3 Be7 3. g3 f5 4. Bg2 Nf6 5. Nf3 d6 6. c5 O-O 7. cxd6 cxd6 8. Qb3+ Kh8 9. Ng5 d5 10. d4 exd4 11. Nxd5 Nxd5 12. Bxd5 Bxg5 13. Bxg5 Qxg5 14. Bxb7 Bxb7 15. Qxb7 Nc6 16. Qxc6 Rac8 17. Qa4 Rc1+ 18. Rxc1 Qxc1+ 19. Qd1 Qxb2 20. O-O h6 1/2-1/2